 Dungeon Crawl Stone Soup version 0.30-a0-793-g160f7cfddd (webtiles) character file.

Game seed: 15556944276155004139

33926 garrulousMonolith the Carver (level 13, -4/101 HPs)
             Began as a Demonspawn Gladiator on Feb 19, 2023.
             Was a High Priest of Dithmenos.
             Slain by an eight-headed hydra (13 damage)
             ... on level 3 of the Lair of Beasts.
             The game lasted 00:21:16 (12804 turns).

garrulousMonolith the Carver (DsGl)                Turns: 12804, Time: 00:21:16

Health: -4/101     AC: 15    Str: 18    XL:     13   Next: 39%
Magic:  30/30      EV: 17    Int: 14    God:    Dithmenos [*****.]
Gold:   811        SH:  0    Dex: 19    Spells: 12/12 levels left

rFire   . . .      SeeInvis +    a - +2 dagger (venom)
rCold   + . .      Faith    .    (no shield)
rNeg    . . .      Spirit   .    Z - +1 troll leather armour
rPois   .          Reflect  .    c - +0 helmet
rElec   .          Harm     .    C - +0 cloak
rCorr   .          Rampage  .    D - +0 pair of gloves {Str+3}
Will    +....                    B - +2 pair of boots
Stlth   ++++++++++               S - amulet "Vafioc" {rC+ Regen+ MP+9 SInv}
HPRegen 1.96/turn                s - +4 ring of slaying
MPRegen 0.22/turn                T - ring of willpower

@: wreathed by umbra, studying Armour, invisible
A: thin skeletal structure 2, ignite blood 1, demonic magic 3, demonic touch 2
a: Renounce Religion, Shadow Step, Shadow Form


You were on level 3 of the Lair of Beasts.
You worshipped Dithmenos.
Dithmenos was extremely pleased with you.
You visited 3 branches of the dungeon, and saw 15 of its levels.

You collected 1039 gold pieces.
You spent 228 gold pieces at shops.

Inventory:

Hand Weapons
 a - a +2 dagger of venom (weapon)
 b - a +3 great sword of electrocution
Missiles
 d - 8 throwing nets (quivered)
 e - a javelin
 l - 24 boomerangs
 N - 26 poisoned darts
Armour
 c - a +0 helmet (worn)
 i - a +0 ring mail
 B - a +2 pair of boots (worn)
 C - a +0 cloak (worn)
 D - a +0 pair of gloves of strength (worn)
 M - a +0 chain mail of willpower
 Z - a +1 troll leather armour (worn)
Magical Staves
 P - a staff of poison
Jewellery
 p - an amulet of magic regeneration
 s - a +4 ring of slaying (left hand)
 z - an amulet of reflection
 R - a ring of wizardry
 S - the amulet "Vafioc" (around neck) {rC+ Regen+ MP+9 SInv}
   (You found it on level 8 of the Dungeon)

   [amulet of regeneration]

   rC:        It protects you from cold.
   MP:        It affects your magic capacity (+9).
   SInv:      It lets you see invisible.
   Regen:     It increases your rate of health regeneration.
 T - a ring of willpower (right hand)
Wands
 G - a wand of roots (17)
 H - a wand of acid (6)
 L - a wand of flame (62)
 U - a wand of polymorph (5)
Scrolls
 f - 3 scrolls of identify
 j - 3 scrolls of vulnerability
 o - 3 scrolls of immolation
 w - a scroll of enchant armour
 y - 3 scrolls of blinking
 E - 2 scrolls of fog
 I - 4 scrolls of teleportation
 X - a scroll of summoning
Potions
 h - a potion of degeneration {unknown}
 k - 6 potions of curing
 q - 2 potions of magic
 r - 2 potions of cancellation
 t - 2 potions of mutation
 x - 3 potions of attraction
 A - a potion of lignification
 J - a potion of ambrosia
 K - 5 potions of might
 O - 2 potions of brilliance
 Q - a potion of haste


   Skills:
 + Level 9.0 Fighting
 * Level 11.9 Long Blades
 - Level 3.0 Throwing
 + Level 11.4 Armour
 + Level 8.7 Dodging
 + Level 8.7 Stealth
 + Level 11.1 Invocations


You had 12 spell levels left.
You didn't know any spells.
Your spell library contained the following spells:

 Spells                   Type           Power      Damage    Failure   Level
 Kiss of Death            Conj/Necr      0%         2d5       32%         1
 Sting                    Tmut/Pois      0%         1d3       32%         1
 Lesser Beckoning         Tloc           0%         N/A       45%         2
 Poisonous Vapours        Pois/Air       0%         N/A       45%         2
 Call Canine Familiar     Summ           0%         N/A       69%         3
 Confusing Touch          Hex            0%         N/A       69%         3
 Frozen Ramparts          Ice            0%         1d1       69%         3
 Gell's Gravitas          Tloc           0%         N/A       69%         3
 Ignite Poison            Fire/Tmut/Pois 0%         N/A       69%         3
 Inner Flame              Hex/Fire       0%         N/A       69%         3
 Ozocubu's Armour         Ice            0%         N/A       69%         3
 Portal Projectile        Hex/Tloc       0%         N/A       69%         3
 Teleport Other           Tloc           0%         N/A       69%         3
 Vhi's Electric Charge    Tloc/Air       0%         N/A       69%         3
 Anguish                  Hex/Necr       0%         N/A       97%         4
 Dispel Undead            Necr           0%         3d6       97%         4
 Flame Wave               Conj/Fire      0%         2d4       97%         4
 Ice Form                 Ice/Tmut       0%         N/A       97%         4
 Leda's Liquefaction      Hex/Erth       0%         N/A       97%         4
 Olgreb's Toxic Radiance  Pois           0%         N/A       97%         4
 Petrify                  Tmut/Erth      0%         N/A       97%         4
 Sticky Flame             Conj/Fire      0%         2d3       97%         4
 Summon Ice Beast         Ice/Summ       0%         N/A       97%         4
 Arcjolt                  Conj/Air       0%         1d10      100%        5
 Irradiate                Conj/Tmut      0%         3d11      100%        5
 Metabolic Englaciation   Hex/Ice        0%         N/A       100%        5
 Simulacrum               Ice/Necr       0%         N/A       100%        6
 Enfeeble                 Hex            0%         N/A       100%        7
 Maxwell's Capacitive Co  Air            0%         ∞         100%        8


Dungeon Overview and Level Annotations

Branches:
Dungeon (11/15)            Temple (1/1) D:4            Lair (3/5) D:10
  Swamp (0/4) Lair:3       Spider (0/4) Lair:3          Orc (0/2) D:9

Altars:
Ashenzari
Cheibriados
Dithmenos
Fedhas
Gozag
Hepliaklqana
Kikubaaqudgha
Makhleb
Nemelex Xobeh
Okawaru
Qazlal
Ru
Sif Muna
Trog
Uskayaw
Vehumet
Wu Jian
Xom
Yredelemnul

Shops:
D:5 [   D:11 (

Annotations:
D:6 2 transporters, browni3141's ghost, amateur BaDe
D:8 4 runed translucent doors
Lair:2 1 runed translucent door, Darkkill's ghost, journeyman MiHu


Innate Abilities, Weirdness & Mutations

You have a moderately thin skeletal structure. (Dex +4, Stealth++)
Your demonic aura sometimes causes spilled blood to erupt in flames.
Spells you cast and wands you use may paralyse nearby enemies.
Your touch may inflict irresistible damage on your foes.


Message History

The komodo dragon looks as sick as possible!
The komodo dragon is severely wounded.
The eight-headed hydra is no longer paralysed.
The water moccasin is no longer paralysed.
The komodo dragon bites you but does no damage.
A bullfrog comes into view.
Aiming: Corrosive Bolt
Press: ? - help, Shift-Dir - straight line, p - komodo dragon The bolt of acid hits the komodo dragon.
The acid corrodes the komodo dragon!
The komodo dragon is severely wounded.
The bolt of acid hits the eight-headed hydra!
The acid corrodes the eight-headed hydra!
The eight-headed hydra is moderately wounded.
The bolt of acid misses the bullfrog.
Malevolent energies surge around you.
The water moccasin suddenly stops moving!
The bullfrog suddenly stops moving!
The komodo dragon bites you!
* * * LOW HITPOINT WARNING * * *
You fade into invisibility!
The komodo dragon completely misses you.
You hit the komodo dragon.
You kill the komodo dragon!
Dithmenos accepts your kill.
The eight-headed hydra roars!
The eight-headed hydra bites you.
* * * LOW HITPOINT WARNING * * *
The eight-headed hydra misses you. x2; The eight-headed hydra bites you.
* * * LOW HITPOINT WARNING * * *
The eight-headed hydra completely misses you.
The eight-headed hydra closely misses you.
The eight-headed hydra bites you!
* * * LOW HITPOINT WARNING * * *
The eight-headed hydra completely misses you.
You see here a black mamba corpse.
You hit the eight-headed hydra.
You touch the eight-headed hydra.
The eight-headed hydra is moderately wounded.
The eight-headed hydra bites you but does no damage.
The eight-headed hydra closely misses you. x2
The eight-headed hydra misses you. The eight-headed hydra bites you!
You die...

.......#.....♣♣♣.♣♣♣♣.♣♣♣♣.♣♣ ♣♣.
.......#.♣♣♣.♣♣.♣.♣♣♣.♣♣♣.♣.♣♣♣..
.......#.♣ ♣...♣♣♣.♣♣.♣♣.♣♣♣.....
.......#.♣♣♣.#♣♣ ♣♣.♣.♣.♣♣ ♣♣♣♣†.
.......#.....# ♣♣...♣♣ ♣♣.
.....<.###.### ####### #.
.......#♣♣.♣♣ ..# ♣♣.
.......#♣...♣#♣♣♣†# .♣♣♣#♣..
#.##...#........@S# ........
####...#♣...♣#♣♣♣D# .♣♣♣#♣..
#P.~.#♣♣.♣♣ .F# ♣♣.
#..~.###.################### #.
#..~.#.....♣...............♣ ♣.
###.~.#♣♣♣♣.♣.♣♣♣♣♣...♣♣♣♣♣.♣♣♣.
#.....# ♣.....♣ ♣.♣.♣ ♣....♣
###^...# ♣♣♣.♣.♣♣♣♣♣.÷.♣♣♣♣♣.♣♣♣.
#P.....# ...♣...............♣ ♣.


You could see an eight-headed hydra (unable to see you, corroded), a water
moccasin (paralysed) and a bullfrog (paralysed).

Vanquished Creatures
  Josephine (Lair:3)
  7 hydras
  Harold (D:11)
  Erolcha (D:11)
  2 two-headed ogres
  A skyshark (Lair:3)
  A fire crab (D:10)
  Pikel (D:6)
  A deep elf pyromancer (D:8)
  A cyclops (D:8)
  A gargoyle (D:11)
  6 cane toads
  6 black mambas
  A torpor snail (Lair:1)
  3 kobold demonologists (D:11)
  10 rime drakes
  5 komodo dragons
  2 trolls
  A tyrant leech (Lair:3)
  2 hornets (D:8)
  3 blink frogs (Lair:2)
  3 jumping spiders (Lair:3)
  2 culicivoras (Lair:3)
  6 wraiths
  A shadow (D:11)
  8 wyverns
  A vampire (D:10)
  Eustachio (D:6)
  22 yaks
  5 basilisks
  6 steam dragons
  2 swamp worms (Lair:3)
  A redback (Lair:3)
  2 acid dragons
  5 water moccasins
  2 orc warriors (D:8)
  2 black bears
  2 ice beasts
  3 sky beasts
  An ogre (D:5)
  7 centaurs
  4 wolves (Lair:1)
  2 kobold brigands (D:9)
  3 phantoms
  5 bullfrogs
  A necrophage (D:6)
  A gnoll sergeant (D:8)
  4 scorpions
  11 wights
  16 killer bees
  4 howler monkeys
  3 orc priests
  A gnoll bouda (D:7)
  2 hounds
  7 iguanas
  8 orc wizards
  5 hell rats (Lair:3)
  A mummy (D:3)
  10 gnolls
  5 adders
  A shadow imp (D:7)
  2 white imps
  An ufetubus (D:5)
  A worm (D:2)
  A dart slug (D:3)
  34 orcs
  4 endoplasms
  8 goblins
  6 hobgoblins
  4 jackals (D:4)
  4 quokkas
  5 ball pythons
  6 bats
  4 frilled lizards
  17 kobolds
  7 rats
337 creatures vanquished.

Vanquished Creatures (others)
  12 fungi
  4 plants
16 creatures vanquished.

Grand Total: 353 creatures vanquished

Notes
Turn   | Place    | Note
-------+----------+-------------------------------------------
     0 | D:1      | garrulousMonolith the Demonspawn Gladiator began the quest
                  | for the Orb.
     0 | D:1      | Reached XP level 1. HP: 16/16 MP: 1/1
   429 | D:1      | Gained mutation: You have a somewhat thin skeletal
                  | structure. (Dex +2, Stealth+) [demonic ancestry]
   429 | D:1      | Reached XP level 2. HP: 22/22 MP: 2/2
   730 | D:2      | Gained mutation: Spells you cast may paralyse adjacent
                  | enemies. [demonic ancestry]
   730 | D:2      | Reached XP level 3. HP: 27/27 MP: 3/3
   860 | D:2      | Reached skill level 1 in Armour
  1510 | D:3      | Found a snail-covered altar of Cheibriados.
  1521 | D:3      | Gained mutation: You have a moderately thin skeletal
                  | structure. (Dex +4, Stealth++) [demonic ancestry]
  1521 | D:3      | Reached XP level 4. HP: 34/34 MP: 4/4
  1945 | D:4      | Got the Guidebook on Shaping
  1967 | D:4      | Noticed a phantom
  1976 | D:4      | Killed a phantom
  1977 | D:4      | Gained mutation: Spells you cast may paralyse nearby
                  | enemies. [demonic ancestry]
  1977 | D:4      | Reached XP level 5. HP: 39/39 MP: 5/5
  2013 | D:4      | Found a shimmering altar of Xom.
  2051 | D:4      | Reached skill level 1 in Stealth
  2147 | D:4      | Found a staircase to the Ecumenical Temple.
  2153 | Temple   | Entered the Ecumenical Temple
  2270 | Temple   | Became a worshipper of Dithmenos the Shadowed
  2498 | D:4      | Noticed a centaur
  2499 | D:4      | Noticed a centaur
  2507 | D:4      | Killed a centaur
  2508 | D:4      | Reached skill level 1 in Invocations
  2508 | D:4      | Gained mutation: Your touch may inflict minor irresistible
                  | damage on your foes. [demonic ancestry]
  2508 | D:4      | Reached XP level 6. HP: 21/47 MP: 6/6
  2808 | D:5      | Entered Level 5 of the Dungeon
  2820 | D:5      | Found a stormy altar of Qazlal.
  2895 | D:5      | Found Wanikkij's Armour Shop.
  2909 | D:5      | Bought a +0 cloak for 54 gold pieces
  2914 | D:5      | Bought a +0 pair of gloves of strength for 138 gold pieces
  2977 | D:5      | Gained mutation: Your demonic aura sometimes causes spilled
                  | blood to erupt in flames. [demonic ancestry]
  2977 | D:5      | Reached XP level 7. HP: 52/52 MP: 8/8
  3152 | D:5      | Reached skill level 5 in Long Blades
  3455 | D:5      | Reached * piety under Dithmenos
  3562 | D:6      | Noticed a hornet
  3587 | D:6      | Noticed browni3141's ghost (amateur BaDe)
  3605 | D:6      | Reached XP level 8. HP: 60/60 MP: 10/10
  3612 | D:6      | Found a radiant altar of Vehumet.
  3612 | D:6      | Noticed Pikel
  3628 | D:6      | Killed Pikel
  3881 | D:6      | Found a transporter.
  3887 | D:6      | Found a transporter.
  4190 | D:6      | Noticed Eustachio
  4198 | D:6      | Killed Eustachio
  4199 | D:6      | Reached skill level 5 in Armour
  4560 | D:7      | Found a basalt altar of Yredelemnul.
  4636 | D:7      | Reached XP level 9. HP: 66/66 MP: 12/12
  4788 | D:7      | Reached skill level 5 in Invocations
  4926 | D:7      | Reached skill level 5 in Dodging
  4993 | D:7      | Found a hazy altar of Hepliaklqana.
  5093 | D:7      | Reached skill level 5 in Fighting
  5100 | D:7      | Reached ** piety under Dithmenos
  5487 | D:8      | Noticed a two-headed ogre
  5497 | D:8      | Killed a two-headed ogre
  5791 | D:8      | Found a large runed translucent door.
  5792 | D:8      | Found a large runed translucent door.
  5824 | D:8      | Noticed a cyclops
  5830 | D:8      | Found a large runed translucent door.
  5830 | D:8      | Found a large runed translucent door.
  5856 | D:8      | Gained mutation: Spells you cast and wands you use may
                  | paralyse nearby enemies. [demonic ancestry]
  5856 | D:8      | Reached XP level 10. HP: 75/75 MP: 14/14
  5858 | D:8      | Reached skill level 5 in Stealth
  5871 | D:8      | Noticed a cyclops
  5881 | D:8      | Killed a cyclops
  5994 | D:8      | Found a sparkling altar of Nemelex Xobeh.
  6002 | D:8      | Found an iron altar of Okawaru.
  6246 | D:8      | Reached *** piety under Dithmenos
  6560 | D:8      | Noticed a deep elf pyromancer
  6571 | D:8      | Killed a deep elf pyromancer
  6576 | D:8      | Identified the amulet "Vafioc" {rC+ Regen+ MP+9 SInv}
  6870 | D:9      | Found a staircase to the Orcish Mines.
  7409 | D:9      | Noticed a two-headed ogre
  7416 | D:9      | Killed a two-headed ogre
  7628 | D:9      | Gained mutation: Your touch may inflict irresistible damage
                  | on your foes. [demonic ancestry]
  7628 | D:9      | Reached XP level 11. HP: 83/83 MP: 16/16
  7688 | D:10     | Entered Level 10 of the Dungeon
  7833 | D:10     | Identified the +2 flail of Imbalance {venom, rF+}
  8037 | D:10     | Found a staircase to the Lair.
  8064 | D:10     | Noticed a fire crab
  8079 | D:10     | Killed a fire crab
  8661 | D:11     | Found Kailoron's Weapon Shop.
  8672 | D:11     | Bought 4 poisoned darts for 36 gold pieces
  8723 | D:11     | Noticed Erolcha
  8725 | D:11     | Killed Erolcha
  8923 | D:11     | Noticed an angel
  8969 | D:11     | Noticed Harold
  8973 | D:11     | Killed Harold
  9116 | Lair:1   | Entered Level 1 of the Lair of Beasts
  9338 | Lair:1   | Reached **** piety under Dithmenos
  9350 | Lair:1   | Reached skill level 10 in Long Blades
  9755 | Lair:1   | Reached XP level 12. HP: 91/91 MP: 18/18
 10213 | Lair:2   | Found a runed translucent door.
 10213 | Lair:2   | Found a sacrificial altar of Ru.
 10214 | Lair:2   | Noticed Darkkill's ghost (journeyman MiHu)
 10307 | Lair:2   | Noticed a six-headed hydra
 10333 | Lair:2   | Noticed a four-headed hydra
 10526 | Lair:2   | Reached skill level 10 in Armour
 10552 | Lair:1   | Killed a six-headed hydra
 10656 | Lair:1   | Reached skill level 10 in Invocations
 10925 | Lair:1   | Killed a six-headed hydra
 11560 | Lair:3   | Reached ***** piety under Dithmenos
 11737 | Lair:3   | Noticed a seven-headed hydra
 11751 | Lair:3   | Killed a seven-headed hydra
 11818 | Lair:3   | Noticed a four-headed hydra
 11822 | Lair:3   | Found a staircase to the Swamp.
 11833 | Lair:3   | Killed a four-headed hydra
 12117 | Lair:3   | Reached XP level 13. HP: 99/99 MP: 20/20
 12393 | Lair:3   | Found a hole to the Spider Nest.
 12534 | Lair:3   | Noticed Josephine
 12551 | Lair:3   | Killed Josephine
 12804 | Lair:3   | Slain by an eight-headed hydra

Illustrated notes

Levels and vault maps discovered:
D:1:      minmay_arrival_loop, layout_basic, minmay_crystal_room
D:2:      layout_rooms
D:3:      layout_loops_ring, slow_altar_1, minmay_misc_feat_square
D:4:      layout_rooms, kennysheep_little_box, minmay_temple_entry_waves,
          serial_park_tiny_pond, minmay_manual_mares
D:5:      layout_basic, pf_just_have_faith, serial_shops, shop_fountains
D:6:      layout_cave_pods, vehumet_altar_wand_db, gammafunk_ghost_hive,
          kennysheep_generic_room_5, uniq_eustachio, uniq_pikel
D:7:      layout_basic, nicolae_hepliaklqana_hippocampus,
          mainiacjoe_overflow_six_doors_small, minmay_fractal_squares_gapless_5
D:8:      layout_basic, minitemple, lightli_bailey_entry_fortress,
          minmay_hollow_rounded_squares
D:9:      layout_loops_corners, orc_0_dummy, chequers_serial_rivers_micro_d
D:10:     layout_small_grid, minmay_lair_entry_lava
D:11:     layout_roguey, serial_shops, shop, zin_angel, uniq_erolcha,
          uniq_harold
Temple:   compressed_dpeg_circular_temple
Lair:1:   layout_regular_city, st_stairs_3, infiniplex_staircase_pool_2,
          grunt_megastairs_4
Lair:2:   beast_lair_carwin_large_2, layout_misc_corridors, basic_altar,
          gammafunk_ghost_grave, bobbens_dragon_lair_wall, grunt_megastairs_2
Lair:3:   nzn_winding_woodlands_medium [nzn_winding_woodlands_5x5_cross,
          nzn_winding_woodlands_5x15_concentric,
          nzn_winding_woodlands_5x5_three, nzn_winding_woodlands_5x5_default,
          nzn_winding_woodlands_center_pierced_h,
          nzn_winding_woodlands_5x5_default,
          nzn_winding_woodlands_5x5_open_star,
          nzn_winding_woodlands_5x15_sawtooth,
          nzn_winding_woodlands_5x5_perimeter], layout_gridlike,
          palyth_hydra_swamp_entry, nicolae_spider_entry_tight_spaces,
          uniq_josephine

Skill      XL: |  1  2  3  4  5  6  7  8  9 10 11 12 13 |
---------------+----------------------------------------+-----
Long Blades    | 3 4 5 6 7 8 10 11 | 11.9
Throwing       | 2 3 |  3.0
Armour         | 1 2 3 5 6 8 9 10 11 | 11.4
Dodging        | 3 4 5 6 7 8 |  8.7
Stealth        | 1 2 3 4 6 7 8 |  8.7
Fighting       | 3 4 5 6 7 8 9 |  9.0
Invocations    | 1 2 3 4 6 7 9 10 11 | 11.1

Action                     |  1- 3 |  4- 6 |  7- 9 | 10-12 | 13-15 || total
---------------------------+-------+-------+-------+-------+-------++-------
  Melee: Long sword        |    69 |       |       |       |       ||    69
         Dagger            |    41 |    79 |   171 |   580 |   143 ||  1014
         Punch             |     1 |       |     2 |     7 |       ||    10
         Great sword       |       |     6 |    10 |    22 |       ||    38
         Touch             |       |     3 |    33 |   130 |    39 ||   205
  Throw: Boomerang         |       |     5 |       |       |       ||     5
         Dart              |       |       |     3 |       |       ||     3
         Throwing net      |       |       |     2 |     7 |       ||     9
 Invoke: Shadow Step       |       |       |       |     3 |     1 ||     4
  Evoke: Wand              |       |       |       |     5 |     2 ||     7
    Use: Scroll            |       |     5 |     9 |    15 |       ||    29
         Potion            |       |       |     2 |     9 |     2 ||    13
   Stab: Sleeping          |     1 |     7 |    14 |    32 |     9 ||    63
         Distracted        |       |     1 |     1 |     4 |       ||     6
         Held in net/web   |       |       |     2 |       |       ||     2
         Paralysed         |       |       |       |     3 |       ||     3
 Armour: Leather armour    |    10 |       |       |       |       ||    10
         Ring mail         |    30 |    36 |    57 |    76 |       ||   199
         Troll leather arm |       |       |       |   113 |    53 ||   166
  Dodge: Dodged            |    74 |    50 |   109 |   571 |   128 ||   932

Table legend: (Time is in decaauts)
 A = Elapsed time spent in this place.
 B = Non-inter-level travel time spent in this place.
 C = Inter-level travel time spent in this place.
 D = Time resting spent in this place.
 E = Time spent auto-exploring this place.
 F = Levels seen in this place.
 G = Mean time per level.
                   A        B        C        D        E       F      G
               +--------+--------+--------+--------+--------+-----+--------+
         Total |  12647 |  12212 |    435 |   1858 |   7531 |  15 |  843.1 |
       Dungeon |   8931 |   8585 |    346 |    837 |   5798 |  11 |  811.9 |
        Temple |    143 |    117 |     26 |      0 |     64 |   1 |  143.0 |
          Lair |   3571 |   3508 |     63 |   1021 |   1668 |   3 | 1190.3 |
               +--------+--------+--------+--------+--------+-----+--------+

Top non-repeatable levels by time:
  Lair:1: 1652 daAuts
     D:8: 1442 daAuts
  Lair:3: 1222 daAuts
     D:6: 981 daAuts
     D:9: 871 daAuts
     D:7: 847 daAuts
    D:11: 782 daAuts
     D:3: 756 daAuts
     D:4: 727 daAuts
  Lair:2: 696 daAuts
     D:5: 689 daAuts
    D:10: 644 daAuts
     D:1: 639 daAuts
     D:2: 548 daAuts
  Temple: 143 daAuts
